 Dungeon Crawl Stone Soup version 0.27.1-1-g398f81649c (webtiles) character file.

Game seed: 11816747597951619225

221 Elvor the Sneak (level 5, -3/33 HPs)
             Began as a Gargoyle Delver on Sept 10, 2021.
             Slain by Duvessa (5 damage)
             ... on level 4 of the Dungeon.
             The game lasted 00:28:32 (3464 turns).

Elvor the Sneak (Gargoyle Delver)                   Turns: 3464, Time: 00:28:32

Health: -3/33      AC:  9    Str: 16    XL:     5   Next: 98%
Magic:  2/7        EV: 11    Int: 11    God:
Gold:   74         SH:  0    Dex: 11    Spells: 3/6 levels left

rFire    . . .     SeeInvis .   k - +0 flail
rCold    . . .     Faith    .   (no shield)
rNeg     + . .     Spirit   .   b - +0 leather armour
rPois    ∞         Reflect  .   s - +2 hat
rElec    +         Harm     .   (no cloak)
rCorr    .         Rampage  .   (no gloves)
Will     .....                  (no boots)
Stlth    +++.......             (no amulet)
HPRegen  0.11/turn              (no ring)
MPRegen  0.10/turn              (no ring)

@: very slightly contaminated
A: sickness immunity, AC +4, negative energy resistance 1, electricity
resistance, torment resistance 1, petrification resistance
a: no special abilities


You were on level 4 of the Dungeon.
You visited 1 branch of the dungeon, and saw 5 of its levels.

You collected 74 gold pieces.

Inventory:

Hand Weapons
 k - a +0 flail (weapon)
 u - a +0 hunting sling
Missiles
 a - 43 sling bullets
 p - 36 stones
 q - 3 poisoned darts (quivered)
Armour
 b - a +0 leather armour (worn)
 j - a +0 scale mail
 m - a +0 chain mail
 s - a +2 hat (worn)
Wands
 g - a wand of digging (3)
Scrolls
 c - a scroll of fog
 d - 2 scrolls of magic mapping
 e - 3 scrolls of fear
 h - 4 scrolls of identify {unknown}
 i - a scroll of immolation {unknown}
 l - 4 scrolls of noise {unknown}
 n - a scroll of enchant armour {unknown}
 t - a scroll of amnesia {unknown}
Potions
 f - a potion of haste
 o - a potion of heal wounds {unknown}
 r - 3 potions of curing {unknown}


   Skills:
 + Level 4.0 Fighting
 + Level 3.3 Maces & Flails
 + Level 0.9 Throwing
 + Level 1.4 Armour
 + Level 1.7 Dodging
 + Level 6.4 Stealth
 + Level 1.4 Spellcasting
 + Level 1.9 Earth Magic


You had 3 spell levels left.
You knew the following spells:

 Your Spells              Type           Power      Damage    Failure   Level
a - Sandblast             Erth           10%        2d5       17%         1
b - Passwall              Tmut/Erth      1%         N/A       36%         2

Your spell library contained the following spells:

 Spells                   Type           Power      Damage    Failure   Level
 Static Discharge         Conj/Air       0%         N/A       50%         2
 Dispel Undead            Necr           0%         3d6       98%         4
 Sticky Flame             Conj/Fire      0%         2d3       98%         4
 Lee's Rapid Deconstruct  Erth           2%         3d6*      99%         5


Dungeon Overview and Level Annotations

Branches:
Dungeon (5/15)
 Temple: D:4-7

Altars:
Fedhas
Uskayaw

Annotations:
D:3 Grinder
D:4 Dowan, Duvessa


Innate Abilities, Weirdness & Mutations

You are immune to sickness and miasma.
Your stone body is resilient. (AC +4)
You are immune to poison.
You resist negative energy. (rN+)
You are resistant to electric shocks. (rElec)
You are resistant to unholy torment.
You are immune to petrification.


Message History

You miscast Sandblast.
Nothing appears to happen.
Grinder hits you.
You barely miss Grinder.
Grinder is heavily wounded.
Grinder barely misses you. Grinder closely misses you.
You sock Grinder!
Grinder is severely wounded.
Grinder says, "Don't move a muscle."
Grinder hits you.
You writhe in agony.
You hit Grinder.
Grinder is severely wounded.
Grinder hits you.
* * * LOW HITPOINT WARNING * * *
You writhe in agony.
* * * LOW HITPOINT WARNING * * *
Casting: Sandblast (safe; 17% risk of failure)
Confirm with . or Enter, or press ? or * to list all spells.
The spell is quite dangerous to cast (36% risk of failure)!
Continue anyway?
Aiming: Passwall (quite dangerous; 36% risk of failure)
Press: ? - help, Dir - move target, p - Grinder A rock wall.
You miscast Passwall.
Nothing appears to happen.
Grinder hits you but does no damage.
Casting: Passwall (quite dangerous; 36% risk of failure)
Confirm with . or Enter, or press ? or * to list all spells.
You don't have enough magic to cast this spell.
You see here a +0 falchion.
You see here a +0 dagger of venom.
Grinder says, "Just stop there for a second..."
Grinder gestures at you. Pain shoots through your body!
* * * LOW HITPOINT WARNING * * *
Grinder gestures at you. Pain shoots through your body!
* * * LOW HITPOINT WARNING * * *
There is a stone staircase leading down here.
You can't go up here!
You climb downwards.
Level annotation: Dowan, Duvessa Duvessa completely misses you.
Duvessa hits you with a +0 short sword.
You die...

## ##.## ###....#
##......##
#.........
#####....#...
###..##.......#
..#......#.......
.......@.##..###.
....##e.)# ### ..
#....# ##....#
.....# ......#
....... ...e.....


You could see Duvessa and Dowan (wandering).

Vanquished Creatures
  A water moccasin (D:3)
  5 adders
  A gnoll (D:1)
  3 worms
  A dart slug (D:3)
  4 orcs (D:3)
  3 endoplasms
  2 giant cockroaches
  7 goblins
  2 hobgoblins (D:1)
  2 jackals (D:1)
  A quokka (D:3)
  3 ball pythons
  4 bats
  4 frilled lizards (D:1)
  3 kobolds
  5 rats
51 creatures vanquished.

Notes
Turn   | Place    | Note
-------+----------+-------------------------------------------
     0 | D:5      | Elvor the Gargoyle Delver began the quest for the Orb.
     0 | D:5      | Reached XP level 1. HP: 14/14 MP: 1/1
    44 | D:4      | Noticed a black bear
    55 | D:4      | Noticed a jelly
    71 | D:3      | Reached XP level 2. HP: 19/19 MP: 2/2
   229 | D:2      | Reached skill level 6 in Stealth
   305 | D:2      | Reached XP level 3. HP: 2/23 MP: 3/3
   888 | D:1      | Learned a level 1 spell: Sandblast
  1327 | D:1      | Reached XP level 4. HP: 29/29 MP: 1/4
  1338 | D:1      | Learned a level 2 spell: Passwall
  1796 | D:2      | Found a faded altar of an unknown god.
  1936 | D:2      | Reached skill level 1 in Earth Magic
  2085 | D:3      | Found a hide-covered altar of Uskayaw.
  2095 | D:3      | Noticed a water moccasin
  2122 | D:3      | Killed a water moccasin
  2123 | D:3      | Reached skill level 1 in Armour
  2123 | D:3      | Reached skill level 1 in Spellcasting
  2123 | D:3      | Reached XP level 5. HP: 12/33 MP: 0/6
  2491 | D:3      | Noticed Grinder
  2501 | D:3      | Paralysed by Grinder for 5 turns
  2532 | D:3      | Paralysed by Grinder for 6 turns
  2803 | D:4      | Noticed Duvessa
  2807 | D:4      | Noticed Dowan
  2827 | D:3      | Paralysed by Grinder for 5 turns
  2940 | D:3      | Paralysed by Grinder for 4 turns
  2983 | D:3      | Found a blossoming altar of Fedhas.
  3464 | D:4      | Slain by Duvessa

Illustrated notes

Levels and vault maps discovered:
D:1:      amcnicky_arrival_double_pillar, layout_loops_cross
D:2:      layout_basic, chequers_ecumenical_altar_island,
          hangedman_abyss_or_decor_lesser_grid
D:3:      layout_basic, fedhas_altar_2,
          nicolae_uskayaw_murder_on_the_dancefloor, uniq_grinder
D:4:      layout_cave_pools, makhleb_altar_promises_db, uniq_crazy_yiuf_cottage,
          uniq_duvessa, uniq_ijyb
D:5:      layout_loops_ring, nicolae_ru_the_path_less_chosen,
          mainiacjoe_overflow_alcove_1, ebering_ghost_disaster_area,
          uniq_menkaure

Skill      XL: |  1  2  3  4  5 |
---------------+----------------+-----
Stealth        | 6 |  6.4
Earth Magic    | 1 |  1.9
Maces & Flails | 3 |  3.3
Armour         | 1 |  1.4
Spellcasting   | 1 |  1.4
Fighting       | 4 |  4.0
Throwing       | |  0.9
Dodging        | |  1.7

Action                   |  1- 3 |  4- 6 || total
-------------------------+-------+-------++-------
Melee: Mace              |     4 |       ||     4
       Flail             |    61 |    87 ||   148
Throw: Dart              |       |    51 ||    51
 Cast: Sandblast         |    12 |    29 ||    41
       Passwall          |       |     2 ||     2
 Stab: Sleeping          |     1 |       ||     1
Armor: Scale mail        |    18 |       ||    18
       Chain mail        |    22 |       ||    22
       Leather armour    |     4 |    52 ||    56
Dodge: Dodged            |    38 |    53 ||    91
